Map: Oxide LE

Players

Korrupt

  • Race: Terran Terran
  • Spawn Location: 7:00

ViBE - Winner!

  • Race: Terran Terran
  • League: Bronze
  • Spawn Location: 1:00

VOD

https://www.youtube.com/watch?v=VjhJ7E-kFgw&list=PLFeZeom2b4DnD3FIu7pzkXl51JX_WWz2h&index=2

Description

Time

  • Played on: March 9, 2021, 6:45 p.m.
  • Length: 14:06
Show
View Real Time Build Order
Export as new Build Order

Korrupt Terran 

Build Orders:  

Get SALT Encoding   

  12  0:00  SCV  
  13  0:12  SCV  
  14  0:19  Supply Depot  
  14  0:24  SCV  
  15  0:41  SCV  
  16  0:43  Barracks  
  16  0:50  Refinery  
  16  0:53  SCV  
  17  1:05  SCV  
  18  1:17  SCV  
  19  1:21  Supply Depot  
  19  1:29  SCV  
  19  1:32  Barracks Tech Lab  
  20  1:39  Refinery  
  20  1:41  SCV  
  21  1:54  SCV  
  22  2:02  Factory  
  22  2:03  Marine  
  22  2:08  Orbital Command  
  23  2:21  Marine  
  24  2:31  Bunker  
  24  2:54  Siege Tank  
  24  2:55  Barracks Reactor  
  27  3:10  SCV  
  28  3:22  SCV  
  29  3:31  Supply Depot  
  29  3:34  SCV  
  30  3:42  Siege Tank  
  32  3:51  Marine x2  
  34  3:59  SCV  
  35  4:09  Marine x2  
  37  4:10  Barracks  
  37  4:12  SCV  
  37  4:15  Starport  
  38  4:21  Siege Tank  
  41  4:27  Marine x2  
  43  4:33  Supply Depot  
  43  4:36  SCV  
  44  4:45  Marine x2  
  46  4:48  SCV  
  47  4:55  Medivac, Siege Tank  
  52  5:02  Barracks Reactor  
  52  5:03  Marine x2  
  54  5:21  Marine x2  
  55  5:25  Medivac  
  58  5:36  Supply Depot  
  58  5:38  Marine  
  58  5:39  Marine, Supply Depot  
  58  5:42  SCV  
  61  5:44  Marine x2  
  63  6:12  Starport Reactor  
  63  6:13  Marine x2  
  63  6:14  Marine  
  63  6:15  Marine  
  67  6:25  Supply Depot  
  67  6:30  Supply Depot  
  67  6:34  SCV  
  68  6:51  Medivac x2  
  72  6:54  Marine x3  
  72  6:55  Marine  
  72  6:58  Hellion  
  78  7:19  Hellion  
  78  7:21  Medivac x2  
  84  7:41  Hellion  
  86  8:02  Hellion  
  80  8:24  Hellion  
  56  8:55  Marine x2  
  56  8:56  Marine x2  
  56  9:00  Medivac x2  
  64  9:03  Hellion  
  64  9:13  Marine x2  
  64  9:14  Marine x2  
  70  9:24  Engineering Bay, Hellion  
  70  9:30  Medivac x2  
  74  9:31  Marine x2  
  74  9:32  Marine x2  
  78  9:49  Marine x2  
  78  9:50  Marine x2  
  82  9:55  Siege Tank  
  85  10:00  Medivac x2  
  89  10:27  Siege Tank  
  80  10:55  Viking x2  
  84  10:59  Siege Tank  
  87  11:17  Marine x2  
  87  11:18  Marine x2  
  91  11:25  Viking x2  
  93  11:32  Siege Tank  
  98  11:46  Marine  
  98  11:47  Marine x3  
  102  11:54  Supply Depot  
  102  12:00  Supply Depot  
  102  12:04  Marine x2, Siege Tank  
  102  12:05  Marine x2  
  109  12:12  Viking  
  111  12:15  Viking  
  111  12:17  Supply Depot  
Show
View Real Time Build Order
Export as new Build Order

ViBE Terran - Winner!

Build Orders:  

Get SALT Encoding   

  12  0:00  SCV  
  13  0:12  SCV  
  14  0:18  Supply Depot  
  14  0:24  SCV  
  15  0:39  SCV  
  15  0:41  Barracks  
  16  0:51  SCV  
  17  0:58  Refinery  
  17  1:03  SCV  
  18  1:15  SCV  
  19  1:28  SCV  
  20  1:40  Command Center  
  20  1:41  Orbital Command  
  20  1:42  Marine  
  21  1:49  Supply Depot  
  21  2:00  Marine  
  22  2:06  SCV  
  23  2:14  Factory  
  23  2:19  SCV  
  23  2:21  Barracks Reactor  
  24  2:31  SCV  
  25  2:43  SCV  
  26  2:52  Orbital Command  
  26  2:55  SCV  
  26  2:56  Supply Depot  
  27  2:59  Barracks  
  27  3:01  Marine  
  27  3:02  Refinery, Marine  
  27  3:03  Factory Tech Lab  
  29  3:07  SCV  
  30  3:19  Marine x2, SCV x2  
  33  3:22  Supply Depot  
  33  3:26  Siege Tank  
  37  3:31  SCV  
  37  3:32  SCV  
  39  3:37  Marine x2  
  41  3:43  SCV  
  41  3:44  SCV  
  41  3:46  Supply Depot  
  41  3:47  Barracks Tech Lab  
  43  3:55  Marine x2  
  44  3:57  SCV x2  
  44  3:59  Starport  
  47  4:09  SCV x2, Supply Depot  
  49  4:11  Marine  
  49  4:12  Siege Tank  
  49  4:13  Marine x2  
  55  4:21  SCV x2  
  57  4:31  Marine x3  
  58  4:33  SCV x2  
  58  4:36  Starport Reactor  
  58  4:37  Command Center  
  62  4:40  Supply Depot  
  62  4:45  SCV x2  
  64  4:51  Refinery x2  
  64  4:57  Marine x3  
  64  4:58  Siege Tank  
  64  4:59  Stimpack  
  70  5:02  SCV x2  
  72  5:14  SCV x2  
  74  5:26  SCV x2  
  74  5:28  Engineering Bay  
  76  5:29  Marine x3, Engineering Bay  
  76  5:35  Siege Tank  
  82  5:41  SCV x2  
  84  5:44  Barracks  
  84  5:46  Barracks  
  84  5:49  Barracks  
  84  5:50  Barracks  
  84  5:53  Orbital Command  
  84  5:59  Marine x3  
  84  6:01  SCV x2  
  89  6:11  Terran Infantry Weapons Level 1  
  89  6:12  Terran Infantry Armor Level 1, Supply Depot  
  89  6:19  Marine x3  
  89  6:21  Infernal Pre-Igniter  
  89  6:23  Hellion  
  89  6:25  Medivac  
  96  6:29  Medivac  
  98  6:33  SCV x2  
  100  6:40  Armory  
  100  6:44  Barracks Reactor x3  
  100  6:45  Barracks Reactor, SCV x2  
  102  6:50  Orbital Command  
  102  6:53  Supply Depot  
  102  6:54  Supply Depot  
  102  6:56  Supply Depot  
  102  6:59  Supply Depot  
  102  7:00  SCV  
  103  7:01  SCV  
  103  7:06  Combat Shield  
  104  7:11  Hellion  
  104  7:12  Medivac  
  104  7:14  Medivac  
  110  7:19  SCV x3  
  110  7:22  Marine x4  
  117  7:23  Marine  
  117  7:24  Marine x2  
  117  7:26  Marine x2  
  122  7:31  SCV x3  
  125  7:39  Command Center  
  125  7:45  Medivac, Hellion  
  125  7:46  Medivac  
  125  7:48  Marine  
  125  7:49  Marine x8  
  125  7:50  Marine  
  141  7:54  Refinery  
  141  7:56  Refinery  
  141  7:57  Supply Depot  
  141  7:58  Supply Depot  
  141  7:59  Supply Depot  
  139  8:06  SCV x2  
  139  8:07  SCV  
  139  8:11  Terran Infantry Weapons Level 2  
  139  8:12  Terran Infantry Armor Level 2, Supply Depot  
  135  8:13  Supply Depot  
  135  8:14  Terran Vehicle Weapons Level 1  
  135  8:18  SCV  
  131  8:24  SCV  
  131  8:32  Marine x11  
  138  8:36  SCV x3  
  139  8:48  SCV x3  
  136  8:49  Marine  
  136  8:50  Marine x3  
  136  8:51  Marine x7  
  126  9:08  SCV  
  126  9:09  Marine x8, SCV x2  
  137  9:10  Marine  
  137  9:11  Marine  
  139  9:20  SCV  
  139  9:21  Planetary Fortress  
  140  9:25  SCV x2  
  142  9:31  Command Center  
  142  9:33  SCV  
  142  9:37  SCV  
  142  9:38  SCV  
  145  9:45  SCV  
  146  9:49  SCV  
  146  9:51  Marine x5  
  146  9:52  Marine x4  
  156  10:00  Siege Tank  
  156  10:02  Medivac x2  
  156  10:03  Command Center  
  156  10:05  SCV x4  
  167  10:17  SCV x2  
  167  10:18  SCV x2  
  164  10:26  Marine  
  164  10:27  Marine x10, Supply Depot  
  172  10:28  Supply Depot  
  172  10:31  Supply Depot  
  172  10:40  SCV  
  172  10:43  SCV x4  
  172  10:44  Marine x4  
  172  10:48  Terran Infantry Armor Level 3, Terran Infantry Weapons Level 3  
  172  10:49  Terran Vehicle Weapons Level 2  
  179  10:52  SCV  
  179  10:55  SCV x4  
  184  11:07  Orbital Command  
  184  11:11  SCV x2  
  184  11:12  SCV x2, Command Center  
  188  11:23  SCV  
  188  11:24  SCV  
  190  11:26  Marine  
  190  11:27  Marine x9  
  200  11:40  Smart Servos  
  200  11:44  Factory  
  200  11:47  Starport  
  200  11:57  Barracks x2  
  200  11:59  Barracks x2  
  200  12:02  Barracks  
  200  12:04  Barracks  
  200  12:06  Barracks x2, Planetary Fortress  
  200  12:09  Barracks  
  200  12:10  Barracks  
  200  12:16  Command Center  
  198  12:39  Orbital Command  
  198  12:45  Command Center  
  198  12:53  Command Center  
  198  12:55  Barracks Tech Lab x2, Command Center  
  198  12:56  Barracks Tech Lab, Command Center  
  198  12:57  Barracks Tech Lab  
  198  12:58  Barracks  
  198  13:01  Factory Reactor, Starport Reactor  
  198  13:10  Barracks Reactor x6  
  198  13:12  Barracks  
  198  13:19  Factory Reactor  
  189  13:53  Command Center  
  188  13:57  Barracks Reactor  
Tags
 
League
Bronze
Matchup
TvT
Player
ViBE
Race
Terran
Replay Pack
Bronze_League
Spawn Locations
Cross Positions
Add a new tag
Caveats
  • Supply blocks, unpowered buildings, or Contaminate may cause inaccurate times.
  • Supply counts are checked every 10 seconds.